 Dungeon Crawl Stone Soup version 0.30.1-11-g7821555f0a (webtiles) character file.

Game seed: 7138080240483869370

64 SacredBeard the Grave Robber (level 3, -2/25 HPs)
             Began as a Demonspawn Necromancer on Nov 4, 2023.
             Slain by an adder (3 damage)
             ... on level 3 of the Dungeon.
             The game lasted 00:03:50 (1928 turns).

SacredBeard the Grave Robber (DsNe)                 Turns: 1928, Time: 00:03:51

Health: -2/25      AC:  2    Str:  8    XL:     3   Next: 91%
Magic:  1/6        EV: 12    Int: 16    God:
Gold:   103        SH:  0    Dex: 15    Spells: 5/6 levels left

rFire   . . .        j - +0 dagger
rCold   . . .        (no shield)
rNeg    . . .        a - +0 robe
rPois   .            (helmet restricted)
rElec   .            (no cloak)
rCorr   .            (no gloves)
SInv    +            (no boots)
Will    .....        (no amulet)
Stlth   ++           c - ring of see invisible
HPRegen 0.24/turn    (no ring)
MPRegen 0.10/turn

%: no passive effects
@: lethally poisoned (-2 -> -3)
A: antennae 2
a: no special abilities


You were on level 3 of the Dungeon.
You visited 1 branch of the dungeon, and saw 3 of its levels.

You collected 103 gold pieces.

Inventory:

Hand Weapons
 j - a +0 dagger (weapon)
Missiles
 e - 6 poisoned darts
 f - 30 stones
Armour
 a - a +0 robe (worn)
 n - a +0 buckler
Jewellery
 c - a ring of see invisible (left hand)
Scrolls
 d - 2 scrolls of magic mapping {unknown}
 i - a scroll of enchant weapon {unknown}
 l - 2 scrolls of enchant armour {unknown}
 m - 5 scrolls of identify {unknown}
Potions
 b - a potion of magic
 g - 2 potions of lignification {unknown}
 h - 2 potions of heal wounds {unknown}
 k - 3 potions of curing {unknown}
 o - a potion of flight {unknown}


   Skills:
 + Level 0.9 Fighting
 + Level 0.6 Throwing
 + Level 0.6 Armour
 + Level 2.1 Dodging
 + Level 2.2 Stealth
 + Level 2.2 Spellcasting
 * Level 5.0 Necromancy


You had 5 spell levels left.
You knew the following spells:

 Your Spells              Type           Power      Damage    Failure   Level
a - Necrotise             Necr           68%        1d7       2%          1

Your spell library contained the following spells:

 Spells                   Type           Power      Damage    Failure   Level
 Vampiric Draining        Necr           17%        2d7       8%          3
 Animate Dead             Necr           17%        N/A       26%         4
 Agony                    Necr           17%        N/A       56%         5


Dungeon Overview and Level Annotations

Branches:
Dungeon (3/15) Zot: 16069

Altars:
Okawaru
Sif Muna


Innate Abilities, Weirdness & Mutations

You have a pair of antennae on your head.


Message History

You feel sick. The adder closely misses you.
You barely miss the adder.
The adder is lightly wounded.
You feel sick. The adder barely misses you.
Casting: Necrotise (safe; 2% risk of failure)
Confirm with . or Enter, or press ? or * to list all spells.
Aiming: Necrotise (safe; 2% risk of failure)
Press: ? - help, Shift-Dir - straight line, f - adder
Aim: an adder (lightly wounded, chance to affect: 81%)
The adder writhes in agony.
You feel sick. The adder closely misses you. The adder misses you.
Casting: Necrotise (safe; 2% risk of failure)
Confirm with . or Enter, or press ? or * to list all spells.
Aiming: Necrotise (safe; 2% risk of failure)
Press: ? - help, Shift-Dir - straight line, f/p - adder
Aim: an adder (heavily wounded, chance to affect: 81%)
The adder barely resists.
You feel sick. The adder bites you but does no damage.
Casting: Necrotise (safe; 2% risk of failure)
Confirm with . or Enter, or press ? or * to list all spells.
Aiming: Necrotise (safe; 2% risk of failure)
Press: ? - help, Shift-Dir - straight line, f/p - adder
Aim: an adder (heavily wounded, chance to affect: 81%)
The adder writhes in agony.
You feel sick. The adder bites you.
* * * LOW HITPOINT WARNING * * *
Casting: Necrotise (safe; 2% risk of failure)
Confirm with . or Enter, or press ? or * to list all spells.
Aiming: Necrotise (safe; 2% risk of failure)
Press: ? - help, Shift-Dir - straight line, f/p - adder
Aim: an adder (heavily wounded, chance to affect: 81%)
The adder barely resists.
You feel sick. The adder closely misses you.
Casting: Necrotise (safe; 2% risk of failure)
Confirm with . or Enter, or press ? or * to list all spells.
Aiming: Necrotise (safe; 2% risk of failure)
Press: ? - help, Shift-Dir - straight line, f/p - adder
Aim: an adder (heavily wounded, chance to affect: 81%)
The adder writhes in agony.
You feel sick. The adder bites you.
* * * LOW HITPOINT WARNING * * *
The adder bites you.
You die...

#.###.#. ##.......##
##.###.#.
#.........####...##.#.
+.........+.........#.
#.........####....###.
#.......# ##.#.# #.
#<....# #.#.###. #.S.#
#....... ### #@# #####
###.#### #.# #.#
#...#####.# #.# #.#
#.#.......# #.#
##)###.>.####### #.#
##...###.##
#.##########.....##.#
#.##........#...###.#
#.##.###............#
#........##.#########


You could see an adder.

Vanquished Creatures
  A gnoll (D:1)
  An adder (D:2)
  A dart slug (D:2)
  5 ball pythons
  4 bats
  5 endoplasms
  A giant cockroach (D:1)
  6 goblins
  3 hobgoblins
  2 quokkas (D:2)
  4 kobolds
  3 rats
36 creatures vanquished.

Vanquished Creatures (collateral kills)
  A hobgoblin (D:1)
1 creature vanquished.

Grand Total: 37 creatures vanquished

Notes
Turn   | Place    | Note
-------+----------+-------------------------------------------
     0 | D:1      | SacredBeard the Demonspawn Necromancer began the quest for
                  | the Orb.
     0 | D:1      | Reached XP level 1. HP: 13/13 MP: 3/3
   244 | D:1      | Gained mutation: You have a pair of small antennae on your
                  | head. [demonic ancestry]
   244 | D:1      | Reached XP level 2. HP: 12/19 MP: 1/5
   672 | D:1      | Gained mutation: You have a pair of antennae on your head.
                  | [demonic ancestry]
   672 | D:1      | Reached XP level 3. HP: 24/25 MP: 0/6
  1093 | D:2      | Found an iron altar of Okawaru.
  1487 | D:3      | Reached skill level 5 in Necromancy
  1536 | D:3      | Found a shimmering blue altar of Sif Muna.
  1928 | D:3      | HP: 1/25 [adder (1)]
  1928 | D:3      | Slain by an adder

Illustrated notes

Levels and vault maps discovered:
D:1:      minmay_arrival_checkered_box, layout_basic, fountainhead,
          chequers_serial_rivers_room_b, st_stairs_1, minmay_box_of_dots
D:2:      layout_loops_ring, basic_altar, minmay_misc_feat_roman
D:3:      layout_loops_corners, lemuel_coloured_pillars_altar,
          mainiacjoe_overflow_concentric_impassable, minmay_checkerbox,
          uniq_robin

Skill      XL: |  1  2  3 |
---------------+----------+-----
Dodging        | 2 |  2.1
Stealth        | 2 |  2.2
Necromancy     | 5 |  5.0
Fighting       | |  0.9
Throwing       | |  0.6
Armour         | |  0.6
Spellcasting   | |  2.2

Action                     || total
---------------------------++-------
  Melee: Short sword       ||    18
         Punch             ||     2
         Dagger            ||    56
   Cast: Necrotise         ||    49
   Stab: Sleeping          ||     3
         Distracted        ||     1
 Armour: Robe              ||    11
  Dodge: Dodged            ||    56
